 Dungeon Crawl Stone Soup version 0.31-a0-233-g139696dc86 (webtiles) character file.

Game seed: 8211076359752740975

6104 Decritt the Fighter (level 10, 10/68 HPs)
             Began as a Gargoyle Fighter on July 8, 2023.
             Was an Initiate of Ru.
             Quit the game on level 8 of the Dungeon.
             The game lasted 00:15:22 (7929 turns).

Decritt the Fighter (Gargoyle Fighter)              Turns: 7929, Time: 00:15:23

Health: 10/68      AC: 25    Str: 27    XL:     10   Next: 88%
Magic:  10/10      EV:  6    Int:  9    God:    Ru [......]
Gold:   387        SH: 12    Dex: 15    Spells: 9/9 levels left

rFire   + . .        s - +1 flail (heavy)
rCold   x . .        h - +1 kite shield
rNeg    + + .        k - +0 plate armour "Rucigg" {rC- rN+ Str+3 Dex+6}
rPois   ∞            a - +0 helmet
rElec   +            (no cloak)
rCorr   .            m - +1 pair of gloves
SInv    .            A - +0 pair of boots
Will    +....        (no amulet) Stlth
                     i - ring of willpower
HPRegen 0.31/turn    e - ring of protection from fire
MPRegen 0.12/turn

%: no passive effects
@: mighty
A: sickness immunity, AC +7, negative energy resistance 1, electricity
resistance, torment resistance 1, petrification resistance
a: Renounce Religion, Sacrifice Resistance, Sacrifice Essence, Sacrifice Purity,
Reject Sacrifices


You were on level 8 of the Dungeon.
You worshipped Ru.
Ru was noncommittal.
You visited 2 branches of the dungeon, and saw 9 of its levels.

You collected 595 gold pieces.
You spent 208 gold pieces at shops.

Inventory:

Hand Weapons
 s - a +1 heavy flail (weapon)
 t - a +5 flail
Armour
 a - a +0 helmet (worn)
 c - a +0 buckler
 h - a +1 kite shield (worn)
 k - the +0 plate armour "Rucigg" (worn) {rC- rN+ Str+3 Dex+6}
   (You found it on level 4 of the Dungeon)

   Str:       It affects your strength (+3).
   Dex:       It affects your dexterity (+6).
   rC:        It makes you vulnerable to cold.
   rN:        It protects you from negative energy.
 m - a +1 pair of gloves (worn)
 A - a +0 pair of boots (worn)
Jewellery
 e - a ring of protection from fire (right hand)
 i - a ring of willpower (left hand)
 j - a ring of resist corrosion
 x - a ring of positive energy
Wands
 n - a wand of roots (9)
 y - a wand of polymorph (6)
Scrolls
 b - 4 scrolls of teleportation
 p - a scroll of enchant weapon
 q - 2 scrolls of revelation
 r - a scroll of poison
 z - a scroll of amnesia
 B - a scroll of butterflies
Potions
 d - a potion of enlightenment {unknown}
 f - 2 potions of invisibility
 g - a potion of attraction {unknown}
 l - a potion of haste
 o - 3 potions of curing
 u - 4 potions of brilliance


   Skills:
 * Level 10.8 Fighting
 * Level 9.7 Maces & Flails
 + Level 7.8 Armour
 + Level 7.8 Shields


You had 9 spell levels left.
You didn't know any spells.
Your spell library contained the following spells:

 Spells                   Type           Power      Damage    Failure   Level
 Foxfire                  Conj/Fire      0%         2x1d4     100%        1
 Freeze                   Ice            0%         1d3       100%        1
 Poisonous Vapours        Pois/Air       0%         N/A       100%        2
 Static Discharge         Conj/Air       0%         2-2/arc   100%        2
 Frozen Ramparts          Ice            0%         1d1       100%        3
 Hailstorm                Conj/Ice       0%         3d3       100%        3
 Portal Projectile        Hex/Tloc       0%         N/A       100%        3
 Swiftness                Air            0%         N/A       100%        3
 Tukima's Dance           Hex            0%         N/A       100%        3
 Petrify                  Tmut/Erth      0%         N/A       100%        4
 Blade Hands              Tmut           0%         N/A       100%        5
 Fireball                 Conj/Fire      0%         3d3       100%        5
 Freezing Cloud           Conj/Ice/Air   0%         6-21      100%        5
 Irradiate                Conj/Tmut      0%         3d11      100%        5
 Plasma Beam              Fire/Air       0%         2x1d10    100%        6
 Starburst                Conj/Fire      0%         6d3       100%        6
 Polar Vortex             Ice            0%         N/A       100%        9
 Sublimation of Blood     Necr           Unusable   N/A       N/A         2

Dungeon Overview and Level Annotations

Branches:
Dungeon (8/15)             Temple (1/1) D:5
   Lair: D:8-11

Altars:
Ashenzari
Cheibriados
Dithmenos
Elyvilon
Fedhas
Gozag
Hepliaklqana
Kikubaaqudgha
Makhleb
Nemelex Xobeh
Okawaru
Ru
Uskayaw
Vehumet
Wu Jian
Xom
Yredelemnul
Zin
The Shining One

Shops:
D:5 *   D:7 ([[

Annotations:
Temple 2 transporters


Innate Abilities, Weirdness & Mutations

You are immune to sickness and miasma.
Your stone body is resilient. (AC +7)
You are immune to poison.
You resist negative energy. (rN+)
You are resistant to electric shocks. (rElec)
You are resistant to unholy torment.
You are immune to petrification.


Message History

The centaur warrior is severely wounded.
You block the centaur warrior's attack.
The centaur warrior kicks you but does no damage.
You block the centaur warrior's attack.
The centaur warrior kicks you but does no damage.
You sock the centaur warrior!
You kill the centaur warrior!
You are too injured to fight recklessly!
You are too injured to fight recklessly!
You bludgeon the orc!!
You kill the orc!
The orc wizard casts a spell.
The orc wizard flickers and vanishes!
The orc priest hits you but does no damage.
You barely miss the orc priest.
The orc priest hits you with a +0 dagger.
* * * LOW HITPOINT WARNING * * *
You bludgeon the orc priest!!
You kill the orc priest!
You block something's attack.
You miss something.
You hear some strange, mumbled words.
Something tries to affect you, but you resist.
Unknown command.
You sock something! You block something's attack.
You miss something.
Something hits you but does no damage. x2
You closely miss something. Something hits you.
* * * LOW HITPOINT WARNING * * *
You barely miss something.
You hear some strange, mumbled words.
A magic dart appears from out of thin air!
The magic dart hits you but does no damage.
Something hits you but does no damage.
You pound something like an anvil!!!
Reactivating autopickup.
You feel a bit more experienced.
You start resting.
Ru believes you are ready to make a new sacrifice.
Okay, then.
Are you sure you want to abandon this character and quit the game? (Confirm with "yes".)

######.....).......oc.##.##
#................##..#
#........).......###.##
#................# #..###
#................# ##....
############.....# ##...
#####.....# ##..
#.).......# ##..
#@###.....# #... #.#
#.....# #... #.# #####.#
#... #.##### #)#####...
#.≈~..♣♣♣..~~.....
#.~~P..P..P~~.....
#..PP♣♣.♣♣PP).....
#...♣♣P..♣♣.......
#.♣.♣P...P♣.♣...##


There were no monsters in sight!

Vanquished Creatures
  A centaur warrior (D:8)
  A two-headed ogre (D:8)
  A cyclops (D:6)
  A wyvern (D:7)
  A yak (D:6)
  Eustachio (D:5)
  2 steam dragons
  Menkaure (D:7)
  2 water moccasins
  A sky beast (D:8)
  2 orc warriors
  5 ice beasts
  5 black bears
  An ogre (D:5)
  A centaur (D:6)
  2 phantoms (D:6)
  2 kobold brigands (D:6)
  2 bullfrogs (D:6)
  A gnoll sergeant (D:6)
  A scorpion (D:6)
  11 wights
  An electric eel (D:6)
  3 hounds
  3 jellies
  7 orc priests
  3 iguanas
  4 sleepcaps
  Natasha (thrice) (D:3)
  4 orc wizards
  8 gnolls
  6 adders
  A shadow imp (D:6)
  2 white imps
  2 ufetubi
  2 worms
  A dart slug (D:3)
  41 orcs
  A bat (D:1)
  3 endoplasms
  3 giant cockroaches
  3 goblins
  2 hobgoblins (D:1)
  7 jackals
  2 quokkas
  3 ball pythons
  3 frilled lizards
  16 kobolds
  3 rats
182 creatures vanquished.

Vanquished Creatures (others)
  An orc wizard (D:6)
  A butterfly (D:8)
2 creatures vanquished.

Grand Total: 184 creatures vanquished

Notes
Turn   | Place    | Note
-------+----------+-------------------------------------------
     0 | D:1      | Decritt the Gargoyle Fighter began the quest for the Orb.
     0 | D:1      | Reached XP level 1. HP: 14/14 MP: 1/1
   480 | D:1      | Reached XP level 2. HP: 19/19 MP: 2/2
   908 | D:2      | Found the crystal ball of Wucad Mu {*channel}
  1219 | D:2      | Reached XP level 3. HP: 13/24 MP: 3/3
  1427 | D:2      | Found a sparkling altar of Nemelex Xobeh.
  1815 | D:3      | Noticed Natasha
  1823 | D:3      | Killed Natasha
  1824 | D:3      | Reached skill level 4 in Fighting
  1824 | D:3      | Reached XP level 4. HP: 22/29 MP: 4/4
  2012 | D:3      | Reached XP level 5. HP: 32/34 MP: 5/5
  2395 | D:3      | Noticed Natasha
  2414 | D:3      | Killed Natasha
  2515 | D:3      | Noticed Natasha
  2524 | D:3      | Killed Natasha
  2726 | D:3      | Reached XP level 6. HP: 19/40 MP: 6/6
  2916 | D:4      | Identified the +0 plate armour "Rucigg" {rC- rN+ Str+3
                  | Dex+6}
  2991 | D:4      | Reached skill level 5 in Fighting
  3499 | D:5      | Entered Level 5 of the Dungeon
  3553 | D:5      | Noticed an ice beast
  3567 | D:5      | Killed an ice beast
  3568 | D:5      | Reached XP level 7. HP: 44/44 MP: 7/7
  3599 | D:5      | Found a staircase to the Ecumenical Temple.
  3608 | Temple   | Entered the Ecumenical Temple
  3608 | Temple   | Found a transporter.
  3608 | Temple   | Found a transporter.
  3610 | Temple   | Found a transporter.
  3610 | Temple   | Found a transporter.
  3629 | Temple   | Became a worshipper of Ru the Awakened
  3700 | D:5      | Found Plog's Assorted Antiques.
  3756 | D:5      | Bought a scroll of teleportation for 78 gold pieces
  3756 | D:5      | Bought a scroll of teleportation for 78 gold pieces
  3756 | D:5      | Bought a scroll labelled GATAJO IJAUT for 26 gold pieces
  3756 | D:5      | Bought a scroll labelled RUROWO VIJY for 26 gold pieces
  4044 | D:5      | Got the Octavo of Azure Turbulence
  4071 | D:5      | Reached skill level 6 in Fighting
  4071 | D:5      | Reached skill level 5 in Maces & Flails
  4150 | D:5      | HP: 2/46 [ice beast (16)]
  4365 | D:5      | Reached skill level 5 in Armour
  4406 | D:5      | Reached skill level 5 in Shields
  4406 | D:5      | Reached XP level 8. HP: 45/52 MP: 8/8
  4465 | D:5      | Got Jociwept's Anthology of Nephomancy
  4624 | D:5      | Noticed Eustachio
  4629 | D:5      | Killed Eustachio
  4972 | D:6      | Reached skill level 7 in Fighting
  5493 | D:6      | Reached XP level 9. HP: 51/59 MP: 9/9
  5619 | D:6      | Reached skill level 8 in Fighting
  5882 | D:6      | Noticed a cyclops
  5898 | D:6      | Killed a cyclops
  5899 | D:6      | Reached skill level 9 in Fighting
  6102 | D:6      | Reached XP level 10. HP: 66/66 MP: 10/10
  6542 | D:7      | Found Zuniwe's Antique Armour Shop.
  6697 | D:7      | Found Miosust's Antique Weapon Shop.
  6833 | D:7      | Noticed Menkaure
  6840 | D:7      | Killed Menkaure
  6920 | D:7      | Found an opulent altar of Gozag.
  6928 | D:7      | Found a snail-covered altar of Cheibriados.
  6935 | D:7      | Found a blossoming altar of Fedhas.
  6958 | D:7      | Found a basalt altar of Yredelemnul.
  6963 | D:7      | Found a shadowy altar of Dithmenos.
  6971 | D:7      | Found a glowing golden altar of the Shining One.
  6976 | D:7      | Found a burning altar of Makhleb.
  7003 | D:7      | Found Ruvoapp's Armour Shop.
  7033 | D:7      | Reached skill level 10 in Fighting
  7687 | D:8      | Noticed a two-headed ogre
  7697 | D:8      | Killed a two-headed ogre
  7829 | D:8      | Found a white marble altar of Elyvilon.
  7858 | D:8      | Noticed a centaur warrior
  7903 | D:8      | Killed a centaur warrior
  7929 | D:8      | Quit the game

Illustrated notes

Levels and vault maps discovered:
D:1:      lemuel_arrival_behind_the_door_small, layout_loops_corners
D:2:      layout_basic, basic_altar, item_on_display_a
D:3:      layout_rooms, chequers_serial_rivers_micro_b, uniq_natasha
D:4:      nicolae_cairo_tiling_very_big, layout_gridville
D:5:      layout_basic, minmay_temple_entry_glass, serial_shops, shop,
          chequers_serial_rivers_small_3, nicolae_letterblocks
          [nicolae_letter_subblock, nicolae_letter_subblock,
          nicolae_letter_subblock, nicolae_letter_subblock,
          nicolae_letter_subblock, nicolae_letter_subblock,
          nicolae_letter_subblock, nicolae_letter_subblock,
          nicolae_letter_subblock, nicolae_letter_subblock,
          nicolae_letter_subblock, nicolae_letter_subblock,
          nicolae_letter_subblock, nicolae_letter_subblock,
          nicolae_letter_subblock, nicolae_letter_subblock,
          nicolae_letter_subblock, nicolae_letter_subblock,
          nicolae_letter_subblock, nicolae_letter_subblock,
          nicolae_letter_subblock, nicolae_letter_subblock,
          nicolae_letter_subblock, nicolae_letter_subblock,
          nicolae_letter_subblock], uniq_eustachio
D:6:      wad_guarded_room, layout_loops_ring, kennysheep_cross_bottleneck,
          kennysheep_generic_room_16
D:7:      layout_cave_pods, grunt_temple_overflow_octagram, serial_shops,
          kennysheep_mini, nicolae_shop_back_alley_shop, nicolae_shop_crystal,
          uniq_menkaure
D:8:      layout_basic, nicolae_elyvilon_peaceful_grove, minmay_microvault
Temple:   hellmonk_temple_divided_pantheon

Skill      XL: |  1  2  3  4  5  6  7  8  9 10 |
---------------+-------------------------------+-----
Fighting       | 4 5 6 7 9 10 | 10.8
Maces & Flails | 3 4 5 6 8 9 |  9.7
Armour         | 4 5 6 7 |  7.8
Shields        | 4 5 6 7 |  7.8

Action                     |  1- 3 |  4- 6 |  7- 9 | 10-12 || total
---------------------------+-------+-------+-------+-------++-------
  Melee: Flail             |     8 |   125 |   272 |   133 ||   538
         Whip              |    50 |       |       |       ||    50
         Mace              |    51 |    15 |       |       ||    66
 Invoke: Reject Sacrifices |       |       |     1 |       ||     1
    Use: Scroll            |       |     6 |     6 |     7 ||    19
         Potion            |       |     1 |       |     4 ||     5
 Armour: Scale mail        |    35 |    35 |       |       ||    70
         Chain mail        |    12 |    38 |       |       ||    50
         Plate armour      |       |    80 |   343 |    91 ||   514
  Dodge: Dodged            |    60 |    64 |   121 |    31 ||   276
  Block: Buckler           |    15 |    51 |    78 |       ||   144
         Kite shield       |       |       |    87 |    93 ||   180

Table legend: (Time is in decaauts)
 A = Elapsed time spent in this place.
 B = Non-inter-level travel time spent in this place.
 C = Inter-level travel time spent in this place.
 D = Time resting spent in this place.
 E = Time spent auto-exploring this place.
 F = Levels seen in this place.
 G = Mean time per level.
                   A        B        C        D        E       F      G
               +--------+--------+--------+--------+--------+-----+--------+
         Total |   8293 |   8045 |    248 |   1007 |   5208 |   9 |  921.4 |
       Dungeon |   8258 |   8010 |    248 |   1007 |   5201 |   8 | 1032.2 |
        Temple |     34 |     34 |      0 |      0 |      7 |   1 |   34.0 |
               +--------+--------+--------+--------+--------+-----+--------+

Top non-repeatable levels by time:
     D:6: 1770 daAuts
     D:5: 1440 daAuts
     D:7: 1149 daAuts
     D:3: 1038 daAuts
     D:2: 980 daAuts
     D:1: 916 daAuts
     D:4: 666 daAuts
     D:8: 297 daAuts
  Temple: 34 daAuts
